 Dungeon Crawl Stone Soup version 0.23.0-28-g6fe0f4d (webtiles) character file.

Game seed: 2159608026579936931

51 dvd the Chopper (level 3, -1/30 HPs)
             Began as a Ghoul Gladiator on Feb 25, 2019.
             Killed from afar by a kobold (9 damage)
             ... with a wand of flame (15)
             ... on level 2 of the Dungeon.
             The game lasted 00:02:09 (1237 turns).

dvd the Chopper (Ghoul Gladiator)                   Turns: 1237, Time: 00:02:10

Health: -1/30      AC:  4    Str: 17    XL:     3   Next: 81%
Magic:  2/2        EV: 12    Int:  3    God:
Gold:   97         SH:  0    Dex: 11    Spells: 2/2 levels left

rFire    . . .     SeeInvis .   a - +0 war axe
rCold    + . .     Gourm    .   (no shield)
rNeg     + + +     Faith    .   b - +0 leather armour
rPois    ∞         Spirit   .   c - +0 helmet
rElec    .         Reflect  .   (no cloak)
rCorr    .         Harm     .   (no gloves)
MR       .....                  (no boots)
Stlth    +.........             (no amulet)
HPRegen  0.00/turn              (no ring)
MPRegen  0.08/turn              (no ring)

@: rotting
A: rotting body, claws 1, carnivore, cold resistance 1, negative energy
resistance 3, inhibited regeneration, torment resistance, unbreathing
a: no special abilities


You were on level 2 of the Dungeon.
You were not hungry.

You visited 1 branch of the dungeon, and saw 2 of its levels.

You collected 97 gold pieces.

Inventory:

Hand Weapons
 a - a +0 war axe (weapon)
 j - a +2 short sword of protection
Missiles
 d - 3 throwing nets (quivered)
Armour
 b - a +0 leather armour (worn)
 c - a +0 helmet (worn)
Scrolls
 h - 3 scrolls of identify {unknown}
 i - 2 scrolls of enchant armour {unknown}
 l - a scroll of remove curse {unknown}
Potions
 e - a potion of degeneration {unknown}
 k - 2 potions of curing {unknown}
Comestibles
 f - 3 rations
 g - 6 chunks of flesh


   Skills:
 + Level 2.5 Fighting
 + Level 3.6 Axes
 + Level 1.7 Throwing
 + Level 0.3 Armour
 + Level 3.0 Dodging
 + Level 0.5 Stealth


You had 2 spell levels left.
You didn't know any spells.
Your spell library was empty.

Dungeon Overview and Level Annotations

Branches:
Dungeon (2/15)

Altars:
Elyvilon
Fedhas
Qazlal
Vehumet


Innate Abilities, Weirdness & Mutations

Your body is rotting away.
You thrive on raw meat.
You are immune to poison.
You have sharp fingernails.
You are carnivorous and can eat meat at any time.
Your flesh is cold resistant. (rC+)
You are immune to negative energy. (rN+++)
You do not regenerate when monsters are visible.
You are immune to unholy pain and torment.
You can survive without breathing.


Message History

You slash the frilled lizard!
You kill the frilled lizard!
A kobold comes into view.
It is wielding a +0 short sword and carrying a wand of flame (17).
You see here a frilled lizard corpse.
You butcher the frilled lizard corpse.
g - 7 chunks of flesh (gained 1)
You see here a frilled lizard skeleton.
Eat one of 7 chunks of flesh? (ye/n/q)
You eat one of the 7 chunks of flesh.
This raw flesh tastes great!
Unknown command.
The kobold zaps a wand.
The puff of flame hits you!
There is an open door here.
The kobold hits you with a +0 short sword.
You hit the kobold but do no damage.
The kobold zaps a wand.
The puff of flame hits you.
* * * LOW HITPOINT WARNING * * *
The kobold hits you but does no damage.
You closely miss the kobold.
The kobold zaps a wand.
The puff of flame hits you!
You die...

..#### #.# #...# #.# #...#
#.# #...# #.# ##### #...#
#### #.# ##...###...# #...##
#.# ##.....##...##....?##
..####......)#...#.......#
.....#.......'.K@'÷...(..#
..####.......#...#†......#
#.#..##.....##...##.....##
#.#...##...###....##...##
#.#...######..<...########
#.##.##..###.............
#..)...........##.##..##.##.
..#####.####.#..............
.## #.# #.#.##.##.######


You could see a kobold.

Vanquished Creatures
  An ooze (D:1)
  3 giant cockroaches
  7 goblins
  8 hobgoblins
  7 jackals
  4 bats
  2 frilled lizards
  3 kobolds
  4 rats
39 creatures vanquished.

Notes
Turn   | Place    | Note
-------+----------+-------------------------------------------
     0 | D:1      | dvd the Ghoul Gladiator began the quest for the Orb.
     0 | D:1      | Reached XP level 1. HP: 17/17 MP: 0/0
   167 | D:1      | Reached XP level 2. HP: 23/24 MP: 1/1
   563 | D:1      | Reached XP level 3. HP: 23/29 MP: 2/2
  1014 | D:2      | Found a blossoming altar of Fedhas.
  1017 | D:2      | Found a radiant altar of Vehumet.
  1020 | D:2      | Found a white marble altar of Elyvilon.
  1048 | D:2      | Found a stormy altar of Qazlal.
  1237 | D:2      | Killed from afar by a kobold

Skill      XL: |  1  2  3 |
---------------+----------+-----
Axes           | 3 |  3.6
Dodging        | 3 |  3.0
Fighting       | |  2.5
Throwing       | |  1.7
Armour         | |  0.3
Stealth        | |  0.5

Action                   || total
-------------------------++-------
Melee: War axe           ||   142
 Stab: Sleeping          ||     1
  Eat: Chunk             ||     5
Armor: Leather armour    ||    42
Dodge: Dodged            ||   110
